 Dungeon Crawl Stone Soup version 0.29.1-13-g9f3cf754e1 (webtiles) character file.

Game seed: 6762304380986108360

72 DemonSlayer the Digger (level 4, -2/30 HPs)
             Began as a Demonspawn Earth Elementalist on Feb 1, 2023.
             Was an Initiate of Cheibriados.
             Slain by Crazy Yiuf
             ... wielding a +2 quarterstaff of chaos
              (8 damage)
             ... on level 2 of the Dungeon.
             The game lasted 00:03:29 (2204 turns).

DemonSlayer the Digger (DsEE)                       Turns: 2204, Time: 00:03:29

Health: -2/30      AC:  3    Str: 11    XL:     4   Next: 7%
Magic:  0/8        EV: 12    Int: 17    God:    Cheibriados [......]
Gold:   120        SH:  3    Dex: 15    Spells: 8/9 levels left

rFire   x . .      SeeInvis .   d - +0 hand axe
rCold   + . .      Faith    .   n - +0 buckler
rNeg    . . .      Spirit   +   a - +0 robe
rPois   .          Reflect  .   (helmet restricted)
rElec   .          Harm     .   (no cloak)
rCorr   .          Rampage  .   h - +0 pair of gloves
Will    .....                   (no boots)
Stlth   ++........              k - amulet of guardian spirit
HPRegen 0.10/turn               c - ring of ice
MPRegen 0.22/turn               (no ring)

@: about to teleport, attractive, very slow
A: antennae 1, magic regeneration
a: Renounce Religion


You were on level 2 of the Dungeon.
You worshipped Cheibriados.
Cheibriados was noncommittal.
You visited 1 branch of the dungeon, and saw 2 of its levels.

You collected 120 gold pieces.

Inventory:

Hand Weapons
 d - a +0 hand axe (weapon)
Armour
 a - a +0 robe (worn)
 h - a +0 pair of gloves (worn)
 n - a +0 buckler (worn)
Jewellery
 c - a ring of ice (left hand)
 k - an amulet of guardian spirit (around neck)
Scrolls
 e - a scroll of magic mapping {unknown}
 f - a scroll of brand weapon {unknown}
 j - a scroll of fear {unknown}
 l - a scroll of immolation
 o - a scroll of identify {unknown}
Potions
 b - a potion of magic


   Skills:
 + Level 0.3 Axes
 + Level 1.9 Dodging
 + Level 1.9 Stealth
 + Level 3.1 Spellcasting
 + Level 0.8 Transmutations
 + Level 3.5 Earth Magic


You had 8 spell levels left.
You knew the following spells:

 Your Spells              Type           Power      Damage    Failure   Level
a - Sandblast             Erth           28%        2d8       5%          1

Your spell library contained the following spells:

 Spells                   Type           Power      Damage    Failure   Level
 Passwall                 Tmut/Erth      8%         N/A       14%         2
 Stone Arrow              Conj/Erth      16%        3d8       34%         3
 Ozocubu's Armour         Ice            4%         N/A       56%         3
 Petrify                  Tmut/Erth      10%        N/A       67%         4
 Metabolic Englaciation   Hex/Ice        2%         N/A       100%        5
 Simulacrum               Ice/Necr       2%         N/A       100%        6


Dungeon Overview and Level Annotations

Branches:
Dungeon (2/15)

Altars:
Cheibriados

Shops:
D:2 [

Annotations:
D:2 Crazy Yiuf


Innate Abilities, Weirdness & Mutations

You have a pair of small antennae on your head.
You regenerate magic rapidly.


Message History

You can't see any susceptible monsters within range! (Use Z to cast anyway.)
There is an entrance to Wihan's Armour Shop here.
You see here a dart slug corpse.
You now have 120 gold pieces (gained 17).
You see here a +0 leather armour.
You see here a +0 club.
Key pressed, stopping explore.
There is an open door here.
There is an open door here.
Could not explore, unopened runed door.
Could not explore, unopened runed door.
As you open the door, it creaks loudly!
Crazy Yiuf shouts!
The blast of sand hits Crazy Yiuf.
Crazy Yiuf is lightly wounded.
You block Crazy Yiuf's attack.
The blast of sand misses Crazy Yiuf.
Crazy Yiuf says, "Line high Xom!"
Crazy Yiuf hits you with a +2 quarterstaff of chaos.
Space warps horribly around you!!
Ouch! That really hurt!
Crazy Yiuf hits you with a +2 quarterstaff of chaos!
* * * LOW HITPOINT WARNING * * *
Crazy Yiuf burns you.
* * * LOW HITPOINT WARNING * * *
Okay, then.
Okay, then.
It was a potion of curing.
You feel better. Crazy Yiuf barely misses you.
Crazy Yiuf attacks as you move away!
Crazy Yiuf hits you with a +2 quarterstaff of chaos.
* * * LOW HITPOINT WARNING * * *
You are confused.
Crazy Yiuf barely misses you.
It was a potion of attraction.
You feel attractive to monsters.
You feel less confused. Crazy Yiuf closely misses you.
As you read the scroll labelled YHEKKO OCZUTZU, it crumbles to dust.
You feel strangely unstable.
It was a scroll of teleportation.
Crazy Yiuf barely misses you.
Crazy Yiuf hits you with a +2 quarterstaff of chaos!
You die...

############## #............##♣♣
### #.##########....♣♣ ♣♣#..)#
#.#########.....@♣♣♣♣.'...#
.................g♣..♣#...# #####
≈≈≈...#####......♣.♣♣♣ ### #....
####...## #..##♣♣♣♣♣ #####
#.#.##..###..#
#..##≈≈.>....##################
....#≈≈..##..............##...# #
#####≈≈≈.##.##........†.#####.###
#≈≈≈≈≈≈≈.......########....##....


You could see Crazy Yiuf.

Vanquished Creatures
  A gnoll (D:1)
  3 adders (D:2)
  2 dart slugs (D:2)
  An orc (D:2)
  An endoplasm (D:1)
  A giant cockroach (D:1)
  3 goblins
  4 hobgoblins
  2 kobolds (D:1)
  4 quokkas
  5 ball pythons
  A bat (D:1)
  A frilled lizard (D:1)
  3 rats (D:1)
32 creatures vanquished.

Notes
Turn   | Place    | Note
-------+----------+-------------------------------------------
     0 | D:1      | DemonSlayer the Demonspawn Earth Elementalist began the
                  | quest for the Orb.
     0 | D:1      | Reached XP level 1. HP: 13/13 MP: 3/3
   224 | D:1      | Gained mutation: You have a pair of small antennae on your
                  | head. [demonic ancestry]
   224 | D:1      | Reached XP level 2. HP: 19/19 MP: 1/5
  1124 | D:2      | Reached XP level 3. HP: 24/24 MP: 2/7
  1359 | D:2      | Found a snail-covered altar of Cheibriados.
  1387 | D:2      | Found a faded altar of an unknown god.
  1455 | D:2      | Became a worshipper of Cheibriados the Contemplative
  1734 | D:2      | Gained mutation: You regenerate magic rapidly. [demonic
                  | ancestry]
  1734 | D:2      | Reached XP level 4. HP: 30/30 MP: 4/8
  1861 | D:2      | Found a runed translucent door.
  1862 | D:2      | Noticed Crazy Yiuf
  1892 | D:2      | Found Wihan's Armour Shop.
  2204 | D:2      | Slain by Crazy Yiuf

Illustrated notes

Levels and vault maps discovered:
D:1:      heliophobic_arrival_battle_scene, layout_loops_ring
D:2:      layout_loops_ring, basic_altar, serial_glass, glass_columns_a,
          glass_columns_b, feat_on_display, minmay_strange_pillars,
          minmay_strange_pillars, serial_shops, shop,
          hellmonk_ecumenical_altar_blasted, grunt_decor_junction,
          roderic_lattice_a, dk_noncrumbling_3, minmay_quantized,
          uniq_crazy_yiuf_cottage

Skill      XL: |  1  2  3 |
---------------+----------+-----
Earth Magic    | 3 |  3.5
Spellcasting   | 3 |  3.1
Axes           | |  0.3
Dodging        | |  1.9
Stealth        | |  1.9
Transmutations | |  0.8

Action                   |  1- 3 |  4- 6 || total
-------------------------+-------+-------++-------
Melee: Hand axe          |     8 |     1 ||     9
 Cast: Sandblast         |    43 |     6 ||    49
  Use: Potion            |       |     2 ||     2
       Scroll            |       |     1 ||     1
Armor: Robe              |     5 |       ||     5
Dodge: Dodged            |    15 |     4 ||    19
Block: Buckler           |     1 |     1 ||     2
